[ AOE2 MATCH · #506293163 ]
UnrankedBritons vs Mongols
Player's team · WIN
Rival team · LOSS
[ REPLAY ANALYSIS · EXTRACTED FROM THE RECORDED GAME ]
Feudal
10:31
Castle
14:51
Imperial
33:16
| APM avg | 57.1 |
| APM peak | 94 |
| eAPM avg | 26.9 |
| Villagers / military | 172 / 128 |
Focus
⚔️ 33.9% · 🌾 66.1%
Skirmisher ×65 · Longbowman ×58 · Mangonel ×3 · Trebuchet (Packed) ×2
Feudal
9:22
Castle
23:58
Imperial
31:44
| APM avg | 35.5 |
| APM peak | 61 |
| eAPM avg | 16.4 |
| Villagers / military | 70 / 75 |
Focus
⚔️ 42.7% · 🌾 57.3%
Skirmisher ×45 · Archer ×24 · Trebuchet (Packed) ×4 · Mangonel ×2
Match map
Initial resources + every placement click. Lines = walls · curves = elevation contours. ◆ gold · ⬟ stone · ● berries · ✦ relic · ◌ wall gap
Your base· Open — unwalled flank
xingxing's base· ✓ Closed at 23:58 · 74t walls · no gate
Smoothed initial terrain · ◌ = detected wall gap · hover for details
Inputs per minute
— Hoanginator - - xingxing
Build order — Hoanginator
First 150 of 379 actions detected
| 0:00 | Create | Villager (Male) |
| 0:01 | Build | House |
| 0:02 | Build | House |
| 0:13 | Create | Villager (Male) |
| 0:13 | Create | Villager (Male) |
| 0:13 | Create | Villager (Male) |
| 1:23 | Create | Villager (Male) |
| 1:23 | Create | Villager (Male) |
| 1:52 | Create | Villager (Male) |
| 1:52 | Create | Villager (Male) |
| 2:24 | Create | Villager (Male) |
| 2:24 | Create | Villager (Male) |
| 2:24 | Create | Villager (Male) |
| 2:36 | Create | Villager (Male) |
| 2:48 | Create | Villager (Male) |
| 2:48 | Create | Villager (Male) |
| 3:01 | Build | Lumber Camp |
| 3:04 | Create | Villager (Male) |
| 3:28 | Create | Villager (Male) |
| 3:29 | Create | Villager (Male) |
| 3:33 | Build | House |
| 3:47 | Create | Villager (Male) |
| 3:48 | Create | Villager (Male) |
| 3:54 | Build | House |
| 4:04 | Create | Villager (Male) |
| 4:04 | Create | Villager (Male) |
| 4:18 | Build | Palisade Wall |
| 5:05 | Create | Villager (Male) |
| 5:07 | Build | Palisade Wall |
| 5:10 | Create | Villager (Male) |
| 5:23 | Build | Palisade Wall |
| 5:23 | Build | Palisade Wall |
| 5:30 | Create | Villager (Male) |
| 5:42 | Create | Villager (Male) |
| 5:48 | Build | Mill |
| 5:55 | Create | Villager (Male) |
| 6:11 | Create | Villager (Male) |
| 6:15 | Build | Palisade Wall |
| 6:49 | Create | Villager (Male) |
| 6:56 | Create | Villager (Male) |
| 7:01 | Build | Palisade Wall |
| 7:02 | Build | Palisade Wall |
| 7:03 | Build | Palisade Wall |
| 7:08 | Create | Villager (Male) |
| 7:10 | Build | Palisade Wall |
| 7:14 | Create | Villager (Male) |
| 7:22 | Create | Villager (Male) |
| 7:29 | Build | Palisade Wall |
| 7:31 | Build | Palisade Gate |
| 7:32 | Build | Palisade Wall |
| 7:34 | Create | Villager (Male) |
| 7:38 | Build | Palisade Wall |
| 7:44 | Build | Palisade Wall |
| 8:07 | Research | Feudal Age |
| 8:32 | Build | Mining Camp |
| 9:00 | Build | House |
| 9:07 | Create | Villager (Male) |
| 9:23 | Build | House |
| 9:24 | Build | House |
| 9:25 | Create | Villager (Male) |
| 9:49 | Create | Villager (Male) |
| 9:55 | Create | Villager (Male) |
| 9:58 | Build | Outpost |
| 10:31 | Age | Feudal Age |
| 10:38 | Build | Market |
| 10:40 | Create | Villager (Male) |
| 11:25 | Build | Blacksmith |
| 12:03 | Build | Mining Camp |
| 12:05 | Research | Castle Age |
| 12:41 | Build | Stone Wall |
| 13:30 | Build | Stone Wall |
| 13:35 | Build | Stone Wall |
| 13:37 | Build | Stone Wall |
| 13:38 | Build | Stone Wall |
| 13:38 | Build | Stone Wall |
| 13:39 | Build | Stone Wall |
| 13:43 | Build | Stone Wall |
| 13:44 | Build | Stone Wall |
| 13:47 | Research | Double-Bit Axe |
| 13:49 | Research | Horse Collar |
| 13:55 | Build | Stone Wall |
| 14:09 | Build | Farm |
| 14:11 | Build | Farm |
| 14:22 | Build | Palisade Wall |
| 14:35 | Create | Villager (Male) |
| 14:51 | Age | Castle Age |
| 14:52 | Research | Loom |
| 15:03 | Build | Town Center |
| 15:05 | Create | Villager (Male) |
| 15:26 | Research | Bow Saw |
| 15:42 | Create | Villager (Male) |
| 15:53 | Create | Villager (Male) |
| 15:54 | Create | Villager (Male) |
| 15:54 | Create | Villager (Male) |
| 15:56 | Build | Farm |
| 16:07 | Create | Villager (Male) |
| 16:19 | Build | Farm |
| 16:25 | Create | Villager (Male) |
| 16:45 | Create | Villager (Male) |
| 16:47 | Build | Farm |
| 16:56 | Build | Farm |
| 17:00 | Build | Farm |
| 17:15 | Build | Castle |
| 17:20 | Create | Villager (Male) |
| 17:24 | Create | Villager (Male) |
| 17:26 | Create | Villager (Male) |
| 17:28 | Build | Farm |
| 17:39 | Build | Stone Wall |
| 17:43 | Build | Farm |
| 17:53 | Create | Villager (Male) |
| 17:57 | Build | Farm |
| 17:59 | Build | Farm |
| 18:01 | Build | Farm |
| 18:16 | Create | Longbowman |
| 18:16 | Create | Longbowman |
| 18:24 | Create | Villager (Male) |
| 18:24 | Create | Villager (Male) |
| 18:31 | Build | Stone Wall |
| 18:35 | Build | Stone Wall |
| 18:38 | Build | Stone Wall |
| 18:41 | Create | Villager (Male) |
| 18:46 | Build | Stone Wall |
| 18:48 | Build | Stone Wall |
| 18:50 | Create | Villager (Male) |
| 18:52 | Build | Farm |
| 18:53 | Build | Farm |
| 18:57 | Build | Farm |
| 18:58 | Build | Farm |
| 19:02 | Create | Longbowman |
| 19:09 | Create | Longbowman |
| 19:25 | Create | Villager (Male) |
| 19:25 | Create | Villager (Male) |
| 19:39 | Build | Farm |
| 19:41 | Build | Farm |
| 19:43 | Build | Farm |
| 19:43 | Create | Villager (Male) ×2 |
| 19:53 | Create | Villager (Male) |
| 20:01 | Create | Villager (Male) |
| 20:01 | Create | Villager (Male) |
| 20:08 | Build | Farm |
| 20:13 | Build | Stone Wall |
| 20:19 | Create | Villager (Male) |
| 20:23 | Create | Villager (Male) |
| 20:28 | Create | Longbowman |
| 20:28 | Create | Longbowman |
| 20:43 | Create | Villager (Male) |
| 20:43 | Create | Villager (Male) |
| 20:43 | Create | Villager (Male) |
| 21:01 | Research | Fletching |
| 21:05 | Build | Town Center |
Build order — xingxing
First 150 of 254 actions detected
| 0:01 | Create | Villager (Male) |
| 0:01 | Create | Villager (Male) |
| 0:02 | Create | Villager (Male) |
| 0:03 | Build | House |
| 0:24 | Create | Villager (Male) |
| 1:29 | Create | Villager (Male) |
| 2:00 | Create | Villager (Male) |
| 2:00 | Create | Villager (Male) |
| 2:24 | Create | Villager (Male) |
| 2:32 | Build | Lumber Camp |
| 2:34 | Build | House |
| 2:37 | Research | Loom |
| 2:37 | Create | Villager (Male) |
| 2:38 | Create | Villager (Male) |
| 3:08 | Create | Villager (Male) |
| 3:57 | Build | House |
| 4:02 | Create | Villager (Male) |
| 4:22 | Create | Villager (Male) |
| 4:22 | Create | Villager (Male) |
| 4:40 | Create | Villager (Male) |
| 5:36 | Create | Villager (Male) |
| 5:39 | Build | Mill |
| 5:50 | Build | House |
| 5:52 | Build | Palisade Wall |
| 6:05 | Create | Villager (Male) |
| 6:22 | Build | Palisade Wall |
| 6:23 | Build | Palisade Wall |
| 6:37 | Build | House |
| 6:39 | Build | Palisade Wall |
| 6:40 | Build | Palisade Wall |
| 6:46 | Create | Villager (Male) |
| 7:08 | Research | Feudal Age |
| 7:17 | Build | Lumber Camp |
| 8:10 | Build | Palisade Wall |
| 8:23 | Build | Palisade Wall |
| 9:01 | Build | Barracks |
| 9:07 | Create | Villager (Male) |
| 9:22 | Age | Feudal Age |
| 9:27 | Research | Double-Bit Axe |
| 9:35 | Create | Villager (Male) |
| 9:43 | Build | House |
| 9:57 | Build | Archery Range |
| 10:02 | Create | Villager (Male) |
| 10:18 | Create | Villager (Male) |
| 10:39 | Build | Archery Range |
| 10:43 | Create | Skirmisher |
| 10:46 | Create | Villager (Male) |
| 10:59 | Create | Skirmisher |
| 11:05 | Create | Villager (Male) |
| 11:11 | Create | Skirmisher |
| 11:32 | Build | Blacksmith |
| 11:35 | Create | Villager (Male) |
| 11:43 | Create | Skirmisher |
| 11:54 | Create | Skirmisher |
| 11:56 | Create | Skirmisher |
| 11:58 | Create | Villager (Male) |
| 12:15 | Research | Fletching |
| 12:35 | Create | Skirmisher |
| 12:35 | Create | Skirmisher |
| 12:36 | Create | Villager (Male) |
| 12:36 | Create | Villager (Male) |
| 12:38 | Build | House |
| 12:41 | Build | Mining Camp |
| 13:02 | Create | Skirmisher |
| 13:04 | Create | Villager (Male) |
| 13:06 | Build | House |
| 13:26 | Create | Skirmisher |
| 13:27 | Create | Skirmisher |
| 13:54 | Build | Mining Camp |
| 13:56 | Build | House |
| 13:57 | Create | Villager (Male) |
| 13:59 | Build | Farm |
| 14:00 | Create | Villager (Male) |
| 14:04 | Build | House |
| 14:27 | Build | Watch Tower |
| 14:31 | Create | Villager (Male) |
| 14:34 | Build | Farm |
| 14:37 | Build | House |
| 14:48 | Research | Horse Collar |
| 14:58 | Build | Farm |
| 15:03 | Build | House |
| 15:04 | Build | House |
| 15:09 | Build | Stone Wall |
| 15:20 | Build | Farm |
| 15:20 | Create | Villager (Male) |
| 15:40 | Create | Archer |
| 15:41 | Create | Archer |
| 15:54 | Create | Villager (Male) |
| 15:54 | Create | Villager (Male) |
| 15:56 | Build | Farm |
| 16:06 | Build | House |
| 16:19 | Create | Villager (Male) |
| 16:22 | Build | Farm |
| 16:23 | Create | Villager (Male) |
| 16:30 | Build | Watch Tower |
| 16:59 | Create | Villager (Male) |
| 17:01 | Build | Farm |
| 17:02 | Build | Farm |
| 17:04 | Create | Archer |
| 17:04 | Create | Archer |
| 17:09 | Build | Farm |
| 17:11 | Create | Villager (Male) |
| 17:17 | Build | Farm |
| 17:38 | Create | Archer |
| 17:38 | Create | Archer |
| 18:00 | Create | Villager (Male) |
| 18:00 | Create | Villager (Male) |
| 18:04 | Build | Stone Wall |
| 18:11 | Build | Stone Wall |
| 18:14 | Build | Stone Wall |
| 18:18 | Build | Stone Wall |
| 18:29 | Build | House |
| 18:44 | Create | Villager (Male) |
| 18:45 | Build | Farm |
| 18:48 | Create | Villager (Male) |
| 18:54 | Build | Market |
| 19:06 | Create | Archer |
| 19:06 | Create | Archer |
| 19:19 | Create | Villager (Male) |
| 19:27 | Build | Mining Camp |
| 19:43 | Create | Villager (Male) |
| 20:00 | Create | Archer |
| 20:01 | Create | Archer |
| 20:12 | Build | Farm |
| 20:14 | Build | Farm |
| 20:32 | Build | Watch Tower |
| 20:59 | Build | Watch Tower |
| 21:04 | Build | Watch Tower |
| 21:11 | Create | Archer |
| 21:12 | Create | Archer |
| 21:18 | Research | Castle Age |
| 21:40 | Research | Padded Archer Armor |
| 21:40 | Research | Padded Archer Armor |
| 21:42 | Create | Archer |
| 21:43 | Create | Archer |
| 21:55 | Build | House |
| 21:55 | Build | House |
| 21:58 | Build | Watch Tower |
| 22:14 | Research | Gold Mining |
| 22:20 | Build | Lumber Camp |
| 22:37 | Create | Archer |
| 22:37 | Create | Archer |
| 23:00 | Build | Watch Tower |
| 23:20 | Create | Villager (Male) |
| 23:22 | Research | Stone Mining |
| 23:24 | Build | House |
| 23:25 | Build | House |
| 23:54 | Research | Wheelbarrow |
| 23:58 | Age | Castle Age |
| 24:01 | Research | Crossbowman (upgrade) |
Match timeline
| 4:18 | Hoanginator · wall_segment Palisade Wall x8 |
| 5:07 | Hoanginator · wall_segment Palisade Wall x3 |
| 5:23 | Hoanginator · wall_segment Palisade Wall x1 |
| 5:23 | Hoanginator · wall_segment Palisade Wall x1 |
| 5:52 | xingxing · wall_segment Palisade Wall x8 |
| 6:15 | Hoanginator · wall_segment Palisade Wall x6 |
| 6:22 | xingxing · wall_segment Palisade Wall x5 |
| 6:23 | xingxing · wall_segment Palisade Wall x2 |
| 6:39 | xingxing · wall_segment Palisade Wall x4 |
| 6:40 | xingxing · wall_segment Palisade Wall x1 |
| 7:01 | Hoanginator · wall_segment Palisade Wall x1 |
| 7:02 | Hoanginator · wall_segment Palisade Wall x1 |
| 7:03 | Hoanginator · wall_segment Palisade Wall x5 |
| 7:10 | Hoanginator · wall_segment Palisade Wall x13 |
| 7:29 | Hoanginator · wall_segment Palisade Wall x1 |
| 7:32 | Hoanginator · wall_segment Palisade Wall x1 |
| 7:38 | Hoanginator · wall_segment Palisade Wall x6 |
| 7:44 | Hoanginator · wall_segment Palisade Wall x1 |
| 8:10 | xingxing · wall_segment Palisade Wall x12 |
| 8:23 | xingxing · wall_segment Palisade Wall x14 |
| 9:01 | xingxing · first_building Barracks |
| 9:22 | xingxing · age_up feudal |
| 9:57 | xingxing · first_building Archery Range |
| 10:31 | Hoanginator · age_up feudal |
| 12:41 | Hoanginator · wall_segment Stone Wall x5 |
| 13:30 | Hoanginator · wall_segment Stone Wall x3 |
| 13:35 | Hoanginator · wall_segment Stone Wall x3 |
| 13:37 | Hoanginator · wall_segment Stone Wall x1 |
| 13:38 | Hoanginator · wall_segment Stone Wall x1 |
| 13:38 | Hoanginator · wall_segment Stone Wall x1 |
| 13:39 | Hoanginator · wall_segment Stone Wall x1 |
| 13:43 | Hoanginator · wall_segment Stone Wall x1 |
| 13:44 | Hoanginator · wall_segment Stone Wall x1 |
| 13:55 | Hoanginator · wall_segment Stone Wall x1 |
| 14:22 | Hoanginator · wall_segment Palisade Wall x1 |
| 14:51 | Hoanginator · age_up castle |
| 15:09 | xingxing · wall_segment Stone Wall x4 |
| 15:31 | Hoanginator · first_market_buy 100 food |
| 17:15 | Hoanginator · first_building Castle |
| 17:39 | Hoanginator · wall_segment Stone Wall x1 |
| 18:04 | xingxing · wall_segment Stone Wall x9 |
| 18:11 | xingxing · wall_segment Stone Wall x2 |
| 18:14 | xingxing · wall_segment Stone Wall x3 |
| 18:18 | xingxing · wall_segment Stone Wall x13 |
| 18:31 | Hoanginator · wall_segment Stone Wall x1 |
| 18:35 | Hoanginator · wall_segment Stone Wall x1 |
| 18:38 | Hoanginator · wall_segment Stone Wall x12 |
| 18:46 | Hoanginator · wall_segment Stone Wall x1 |
| 18:48 | Hoanginator · wall_segment Stone Wall x1 |
| 20:13 | Hoanginator · wall_segment Stone Wall x1 |
| 20:21 | xingxing · first_market_buy 100 food |
| 21:12 | Hoanginator · wall_segment Stone Wall x1 |
| 21:15 | Hoanginator · wall_segment Stone Wall x1 |
| 21:40 | Hoanginator · wall_segment Stone Wall x1 |
| 23:58 | xingxing · age_up castle |
| 24:15 | xingxing · first_building Siege Workshop |
| 25:08 | Hoanginator · first_building Siege Workshop |
| 26:24 | xingxing · first_building Castle |
| 31:44 | xingxing · age_up imperial |
| 33:16 | Hoanginator · age_up imperial |
| 34:45 | Hoanginator · first_building Barracks |
| 35:17 | Hoanginator · first_building Archery Range |
| 38:38 | xingxing · resign |
[ AI ANALYSIS · 1 CREDIT ]
What really happened in this match?
Wolo.gg analyzes every decision: build order, eco, micro, common mistakes by bracket. Personalized analysis on WhatsApp or Discord in 30 seconds.
Civ guide
Britons
Perfil
Jugador #3241077